 Seeded DCSS version 0.30.1-6-gbe392663c4 (webtiles) character file.

Game seed: 15265865335305158418 (custom seed)

18 Psyclone the Sneak (level 2, 17/17 HPs)
             Began as an Octopode Earth Elementalist on Sept 21, 2023.
             Quit the game on level 1 of the Dungeon.
             The game lasted 00:02:37 (449 turns).

Psyclone the Sneak (Octopode Earth Elementalist)     Turns: 449, Time: 00:02:38

Health: 17/17      AC:  1    Str:  7    XL:     2   Next: 66%
Magic:  5/5        EV: 13    Int: 17    God:
Gold:   17         SH:  0    Dex: 12    Spells: 4/5 levels left

rFire   . . .        f - +1 short sword
rCold   . . .        (no shield)
rNeg    . . .        (helmet restricted)
rPois   .            (no amulet)
rElec   .            (no ring)
rCorr   .            (no ring)
SInv    .            (no ring)
Will    .....        (no ring)
Stlth   ++++         (no ring)
HPRegen 0.22/turn    (no ring)
MPRegen 0.09/turn    (no ring)
                     (no ring)

%: no passive effects
@: weak-willed
A: almost no armour, amphibious, 8 rings, camouflage 1, gelatinous body 1,
(nimble swimmer 1), tentacles
a: no special abilities


You were on level 1 of the Dungeon.
You visited 1 branch of the dungeon, and saw 1 of its levels.

You collected 17 gold pieces.

Inventory:

Hand Weapons
 f - a +1 short sword (weapon)
Potions
 a - a potion of magic
 b - a potion of curing {unknown}
 d - a potion of berserk rage {unknown}
 h - a potion of brilliance {unknown}


   Skills:
 - Level 2.0 Dodging
 + Level 4.5 Stealth
 - Level 2.0 Spellcasting
 - Level 1.0 Transmutations
 - Level 3.0 Earth Magic


You had 4 spell levels left.
You knew the following spells:

 Your Spells              Type           Power      Damage    Failure   Level
a - Sandblast             Erth           22%        2d7       5%          1

Your spell library contained the following spells:

 Spells                   Type           Power      Damage    Failure   Level
 Passwall                 Tmut/Erth      6%         N/A       13%         2
 Stone Arrow              Conj/Erth      12%        3d7       30%         3
 Petrify                  Tmut/Erth      8%         N/A       63%         4


Dungeon Overview and Level Annotations

Branches:
Dungeon (1/15) Zot: 5545

Altars:


Innate Abilities, Weirdness & Mutations

You cannot wear most types of armour.
You are amphibious.
You can wear up to eight rings at the same time.
Your skin changes colour to match your surroundings (Stealth+).
Your rubbery body absorbs attacks. (AC +1, EV +1)
((You are camouflaged when in or above water. (Stealth+)))
You have tentacles for arms and can constrict up to eight enemies at once.


Message History

You see here a +0 sling.
You open the door.
A rat comes into view.
Found a book of Geomancy.
There is an open door here.
The helpless rat fails to defend itself.
You puncture the rat!
You kill the rat!
You see here a book of Geomancy.
A hobgoblin comes into view.
Found a scroll labelled QUNTAE XEAPS.
A bat comes into view.
The hobgoblin shouts!
You hit the hobgoblin but do no damage. Your grab misses the hobgoblin.
The hobgoblin barely misses you.
You hit the hobgoblin. You grab the hobgoblin. You squeeze the hobgoblin.
You kill the hobgoblin!
The bat closely misses you. The bat barely misses you.
You hit the bat but do no damage. Your grab misses the bat. The bat misses you.
The bat closely misses you.
You hit the bat. Your grab misses the bat.
You squeeze the bat, but do no damage.
The bat is moderately wounded.
The bat hits you but does no damage. The bat closely misses you.
You hit the bat.
You kill the bat!
Things that are here:
a bat corpse; a hobgoblin corpse
i - a scroll labelled QUNTAE XEAPS
As you read the scroll labelled QUNTAE XEAPS, it crumbles to dust.
It is a scroll of enchant weapon.
Your +0 short sword glows red for a moment.
Blink to where?
Press: ? - help, Dir - move target
As you read the scroll labelled PAHUL OMOCLISK, it crumbles to dust.
It was a scroll of blinking.
As you read the scroll labelled UNUVOA EFYKY, it crumbles to dust.
Magic quickly surges around you.
It was a scroll of vulnerability.
This is a scroll of acquirement!
Something appears before you!
Are you sure you want to abandon this character and quit the game? (Confirm with "yes".)

#.#####.........
...#...............
...#######........# ....#
#...)....# #...#
##'#.....# #...# #.#.#####
#...# #.#.# #...######.#.#
#@..#....#...#
####.####...#....#:#..#
.......†...........#.....#
####.###############.###..
# #. #. ... #.


There were no monsters in sight!

Vanquished Creatures
  A dart slug (D:1)
  A ball python (D:1)
  2 bats (D:1)
  2 endoplasms (D:1)
  3 hobgoblins (D:1)
  2 kobolds (D:1)
  A quokka (D:1)
  A rat (D:1)
13 creatures vanquished.

Notes
Turn   | Place    | Note
-------+----------+-------------------------------------------
     0 | D:1      | Psyclone the Octopode Earth Elementalist began the quest
                  | for the Orb.
     0 | D:1      | Reached XP level 1. HP: 11/11 MP: 3/3
    79 | D:1      | Reached skill level 3 in Stealth
   177 | D:1      | Reached XP level 2. HP: 17/17 MP: 3/5
   253 | D:1      | Reached skill level 4 in Stealth
   448 | D:1      | Identified a scroll of acquirement
   448 | D:1      | Acquired the +3 warlock's mirror {omnireflect}
   448 | D:1      | Found the +3 warlock's mirror {omnireflect}
   449 | D:1      | Quit the game

Illustrated notes

Levels and vault maps discovered:
D:1:      minmay_arrival_four_loops, layout_basic, chequers_serial_rivers_marsh,
          minivault_4

Skill      XL: |  1  2 |
---------------+-------+-----
Stealth        | 3 4 |  4.5
Dodging        | |  2.0
Spellcasting   | |  2.0
Transmutations | |  1.0
Earth Magic    | |  3.0

Action                     || total
---------------------------++-------
  Melee: Short sword       ||     7
         Tentacles         ||     2
         Constrict         ||     1
   Cast: Sandblast         ||    13
    Use: Scroll            ||     4
   Stab: Sleeping          ||     2
 Armour: Skin              ||     1
  Dodge: Dodged            ||     9
